 Dungeon Crawl Stone Soup version 0.19.4-8-ga85b6b9 (webtiles) character file.

192 Gargoyl the Skirmisher (level 5, -8/47 (48) HPs)
             Began as a Ghoul Abyssal Knight on Feb 14, 2017.
             Was a Follower of Lugonu.
             Killed from afar by a raiju (13 damage)
             ... with a living lightning
             ... on level 2 of the Abyss.
             The game lasted 00:00:51 (51 turns).

Gargoyl the Skirmisher (Ghoul Abyssal Knight)         Turns: 51, Time: 00:00:51

HP:   -8/47 (48)    AC:  4    Str: 16    XL:     5   Next: 71%
MP:   5/5           EV: 11    Int:  7    God:    Lugonu [*.....]
Gold: 0             SH:  0    Dex:  9    Spells: 0 memorised, 4 levels left

rFire  . . .     SeeInvis .     a - +1 hand axe
rCold  + . .     Gourm    .     b - +1 leather armour
rNeg   + + +     Faith    .     (no shield)
rPois  ∞         Spirit   .     (no helmet)
rElec  .         Reflect  .     (no cloak)
rCorr  .         Harm     .     (no gloves)
MR     .....                    (no boots)
Stlth  +.........               (no amulet)
                                (no ring)
                                (no ring)

@: rotting
A: rotting body, claws 1, carnivore 3, cold resistance 1, negative energy
resistance 3, slow regeneration 1, torment resistance, unbreathing
a: Depart the Abyss, Renounce Religion


You were on level 2 of the Abyss.
You worshipped Lugonu.
Lugonu was aware of your devotion.
You were not hungry.

You visited 0 branches of the dungeon, and saw 0 of its levels.
You visited the Abyss 1 time.

Inventory:

Hand Weapons
 a - a +1 hand axe (weapon)
Armour
 b - a +1 leather armour (worn)
Wands
 e - a wand of disintegration (0/24)
Books
 d - a book of Air

   Spells                             Type                      Level
   a - Shock                          Conjuration/Air              1
   b - Swiftness                      Charms/Air                   2
   c - Repel Missiles                 Charms/Air                   2
   d - Static Discharge               Conjuration/Air              3
   e - Lightning Bolt                 Conjuration/Air              5
Comestibles
 c - a meat ration
 f - a royal jelly
 g - a chunk of flesh


   Skills:
 + Level 5.3 Fighting
 + Level 2.6 Axes
 + Level 2.5 Armour
 + Level 1.2 Dodging
 + Level 2.5 Invocations
 + Level 0.6 Evocations


You had 4 spell levels left.
You didn't know any spells.

Dungeon Overview and Level Annotations

Branches:
Dungeon (0/15)

Altars:


Innate Abilities, Weirdness & Mutations

Your body is rotting away.
You thrive on raw meat.
You are immune to poison.
You have sharp fingernails.
You are carnivorous and can eat meat at any time.
Your flesh is cold resistant. (rC+)
You are immune to negative energy. (rN+++)
You regenerate slowly when monsters are visible.
You are immune to unholy pain and torment.
You can survive without breathing.


Message History

Zapping:
e - a wand of disintegration {zapped: 11} (will waste charges)
Press: ? - help, Shift-Dir - straight line, f - raiju
Aim: a raiju (chance to defeat MR: 67%) Nothing appears to happen.
The raiju bursts into living lightning!
The living lightning misses you.
The raiju blinks!
The raiju bites you.
* * * LOW HITPOINT WARNING * * *
The raiju shocks you!
* * * LOW HITPOINT WARNING * * *
You enter the shallow water.
Moving in this stuff is going to be slow.
A raiju comes into view.
The raiju barks!
Found 16 arrows.
You see here a chunk of flesh.
g - a chunk of flesh The raiju bursts into living lightning!
The living lightning hits you!
You die...

.. .##.. ##.. ..
..#...###.. #.. ## #.
..... .####.### ..# #
#.. ≈≈≈..#.≈.#..##..#
.....#..%..##≈.#..#....
..#......#≈≈≈≈........#
#.#....#...≈≈≈#≈≈≈##.#
.. #....#≈♣≈∩.h≈%≈..#.#
.#.....# (≈≈♣#.#@≈≈.....
#....##...≈.≈≈≈≈h≈≈.....
.#..##..#.###.#...≈≈♣≈≈.
##.. ..#. ...#..#.#≈.≈.
. ..# .∩##.#.........≈.
...# # . ###..#.#.(# ≈.
##. .# #. ......... . #.
.# .. #.#.#. #.. . ..
..#


You could see 2 raiju.

Vanquished Creatures
  A raiju (Abyss:2)
1 creature vanquished.

Notes
Turn   | Place    | Note
-------+----------+-------------------------------------------
     0 | Abyss:1  | Gargoyl the Ghoul Abyssal Knight began the quest for the Orb.
     0 | Abyss:1  | Reached XP level 1. HP: 19/19 MP: 1/1
    40 | Abyss:2  | Noticed a raiju
    46 | Abyss:2  | Noticed a raiju
    46 | Abyss:2  | Killed a raiju
    46 | Abyss:2  | Reached skill level 5 in Fighting
    46 | Abyss:2  | Reached skill level 1 in Dodging
    46 | Abyss:2  | Reached XP level 2. HP: 8/28 MP: 2/2
    46 | Abyss:2  | Reached XP level 3. HP: 11/35 MP: 3/3
    46 | Abyss:2  | Reached XP level 4. HP: 12/41 MP: 4/4
    46 | Abyss:2  | Reached XP level 5. HP: 14/47 MP: 5/5
    49 | Abyss:2  | Noticed a raiju
    51 | Abyss:2  | Killed from afar by a raiju

Skill      XL: |  1 |
---------------+----+-----
Fighting       | 5 |  5.3
Axes           | 2 |  2.6
Armour         | 2 |  2.5
Dodging        | 1 |  1.2
Invocations    | |  2.5
Evocations     | |  0.6

Action                   |  1- 3 |  4- 6 || total
-------------------------+-------+-------++-------
Evoke: Wand              |     4 |     1 ||     5
  Use: Scroll            |     1 |       ||     1
Dodge: Dodged            |       |     1 ||     1
